Wibi, chaotic male elven Wizard ---- ---- ---- |..| ---..-- ---..-- ---- --..---------------------.....| |.....| |..------- --..................f.x........------- |.....----...||...-- |......-----..-.----...----.......@q.-- --...........--|....-- |................(....-| |..-------..-- |............| |...^.-- ----....--..---[.-..*^.-- ---- --...| |......^.....-----....| ------|..| |.........--- -------).[.--- |..............---....----- ---..| |....---...^---.--.[[).)...| |.......---............--.-- |....-------- --)...q........----.--- |.......| |................| ---.....| --.........f...| |^h.| ---.--..|---...............| |.......---------....<---......| ---.--- ---|..||...........--.>..-- |..|.....||...--...---- |...---- |...| -----.|........--|-....| --##.----...--.......-- |...| ---.------ |...|.......----....-- |...-- |...........-- --..-- |...|..-------.--....p...| |....-- |..-- --..........-- |...| ---o|ooo.......|--..^...-- |....| ---- |...........| ----- |ooooo.------- ---....| ---..| |..--.|.--..| ---.....| --...| ---- ------------- ------- ----- Wibi the Thaumaturge Experience level: 9 Strength: 12 Dexterity: 14 Constitution: 16 Intelligence: 20 Wisdom: 13 Charisma: 11 Health: 0(87) Energy: 22(119) Def: 11 Gold: 95 Moves: 16445 Dungeon seed: KA55ixnMzXx1Ag5f Game ID: Wibi_1676197333 Your Inventory: Amulets r - an uncursed amulet of reflection (being worn) Weapons d - a blessed +1 quarterstaff (weapon in hands) L - 43 uncursed +0 darts Y - 9 cursed poisoned -1 orcish arrows Armor e - an uncursed +0 cloak of magic resistance (being worn) y - an uncursed +0 elven leather helm (being worn) z - an uncursed +0 dwarvish mithril-coat (being worn) N - an uncursed +0 pair of elven boots (being worn) Comestibles o - 3 uncursed mangos p - 5 uncursed food rations v - an uncursed tripe ration F - 2 uncursed lichen corpses G - 2 uncursed lizard corpses Scrolls Q - an uncursed scroll of teleportation X - an uncursed scroll of gold detection Potions V - an uncursed potion of object detection Rings t - an uncursed ring of teleportation A - an uncursed ring of conflict C - a blessed +2 ring of gain constitution E - an uncursed ring of warning K - an uncursed ring of protection from shape changers O - an uncursed ring of shock immunity U - an uncursed ring of polymorph control Wands g - an uncursed wand of striking (0:8) h - an uncursed wand of striking (0:6) B - an uncursed wand of magic missile (0:6) D - an uncursed wand of sleep (0:3) I - an uncursed wand of locking (0:4) R - an uncursed wand of polymorph (0:5) S - an uncursed wand of cold (0:6) W - an uncursed wand of undead turning (0:3) Tools i - an uncursed mirror k - an uncursed skeleton key l - an uncursed magic lamp (lit) q - an uncursed pair of lenses s - an uncursed stethoscope u - an uncursed +0 unicorn horn w - an uncursed tin whistle T - an uncursed blindfold (being worn) Gems n - an uncursed worthless piece of blue glass Coins $ - 95 gold pieces Spells and supernatural/magical abilities: Name Level Category Cost Memory a - force bolt 1 attack 5pw 73% d - dig 2 matter 25pw 93% e - charm monster 3 enchantment 25pw 73% l - light 1 divination 12pw 90% m - magic missile 2 attack 10pw 73% r - remove curse 3 clerical 37pw 77% u - confuse monster 2 enchantment 16pw 74% x - extra healing 3 healing 37pw 73% L - levitation 4 escape 50pw 88% T - turn undead 6 clerical 6000pw 90% W - pray for help -- divine ? -- Your skills at the end: Fighting Skills wands [Basic] Weapon Skills quarterstaff [Expert] Spellcasting Skills attack spells [Expert] enchantment spells [Basic] Final Attributes: You were piously aligned. You were fire resistant. You were cold resistant. You were immune to sleep. You were poison resistant. You were magic resistant. You were blinded. You saw invisible. You were telepathic. You had infravision. You were stealthy. You were protected. You had reflection. You last prayed 10 turns ago. Anhur was slightly pleased with you. You are dead. Vanquished creatures: 2 giant mimics a winter wolf a small mimic a xan an ettin mummy a quantum mechanic a wood golem a tiger a gargoyle a dwarf king 2 tengu an ochre jelly a human mummy a carnivorous ape a leather golem a chameleon 2 giant beetles 2 quivering blobs 2 wolves a winter wolf cub 2 lynxes a panther 2 leprechauns an orc-captain 2 iron piercers a giant spider 2 horses an ice vortex 2 black lights a vampire bat 3 gnome kings 4 brown puddings a rust monster an owlbear 3 yetis 4 lizards 5 chickatrices 2 dogs a dingo 3 housecats 2 jaguars a dwarf lord 4 blue jellies a white unicorn a gray unicorn 2 dust vortices 2 plains centaurs a gnome mummy a snake 3 soldier ants 4 fire ants 2 bugbears 2 imps a wood nymph a water nymph a mountain nymph 16 Uruk-hai an orc shaman a rock piercer 2 rock moles 2 ponies 3 fog clouds 2 yellow lights a shrieker a violet fungus 17 gnome lords 7 gnomish wizards a kobold mummy a red naga hatchling a black naga hatchling a guardian naga hatchling 2 gray oozes 3 elf zombies a straw golem 3 paper golems 7 giant ants a little dog 2 floating eyes 4 kittens 19 dwarves a kobold lord 5 hill orcs 3 rothes a centipede 5 giant bats 4 monkeys 3 orc zombies 2 werejackals 6 iguanas 11 killer bees 4 acid blobs 2 coyotes 2 gas spores 2 hobbits 37 manes 4 large kobolds 4 hobgoblins 8 giant rats 10 cave spiders 2 brown molds 2 yellow molds 3 green molds 2 red molds 54 gnomes 10 garter snakes 3 gnome zombies 14 geckos 13 jackals a fox a kobold 4 goblins a sewer rat 14 grid bugs 5 bats 10 lichens 6 kobold zombies 16 newts 470 creatures vanquished. Voluntary challenges: You used a wielded weapon 330 times, starting on turn 113. You read items or engraved 86 times, starting on turn 704. You never genocided any monsters. You never polymorphed an object. You never changed form. You used no wishes. You never split a pudding. You wrote Elbereth's name 1 time, starting on turn 11547. You never violated your personal moral code. Dungeon overview: The Dungeons of Doom: levels 1 to 10 Level 1 a long staircase Level 2 a fountain, a vault Level 3 an altar to Anhur stairs to The Gnomish Mines Level 4 an altar to Thoth Level 5 some fountains Level 6 a vault Level 7 many fountains Level 8 a vault stairs to Sokoban Level 9 a scroll shop, a fountain, a vault Level 10 The Gnomish Mines: levels 4 to 12 Level 4 stairs to The Dungeons of Doom Level 6 Level 7 many shops, a temple to Thoth, some fountains, some trees Level 8 Level 9 Level 10 <- You were here Level 11 Level 12 Sokoban: levels 4 to 7 Level 4 Solved Level 5 Solved Level 6 Solved Level 7 Solved stairs to The Dungeons of Doom History has recorded: On T:1 you entered the Dungeons of Doom to retrieve the Amulet of Yendor! On T:163 you reached level 2 of The Dungeons of Doom. On T:697 you reached level 3 of The Dungeons of Doom. On T:931 you reached level 1 of The Gnomish Mines. On T:1054 you advanced to experience level 2. On T:1263 you advanced to experience level 3. On T:1291 you reached level 4 of The Dungeons of Doom. On T:1549 you reached level 5 of The Dungeons of Doom. On T:2055 you advanced to experience level 4. On T:2481 you reached level 6 of The Dungeons of Doom. On T:2905 you advanced to experience level 5. On T:2945 you reached level 7 of The Dungeons of Doom. On T:3539 you reached level 8 of The Dungeons of Doom. On T:3711 you reached level 9 of The Dungeons of Doom. On T:4254 you reached level 4 of Sokoban. On T:4443 you advanced to experience level 6. On T:4813 you reached level 3 of Sokoban. On T:5751 you reached level 2 of Sokoban. On T:6901 you reached level 1 of Sokoban. On T:7199 you advanced to experience level 7. On T:9238 you reached level 10 of The Dungeons of Doom. On T:9653 you advanced to experience level 8. On T:11233 you reached level 3 of The Gnomish Mines. On T:11443 you reached level 4 of The Gnomish Mines. On T:12287 you reached level 5 of The Gnomish Mines. On T:12979 you advanced to experience level 9. On T:13600 you reached level 6 of The Gnomish Mines. On T:15167 you reached level 7 of The Gnomish Mines. On T:15560 you reached level 8 of The Gnomish Mines. On T:15679 you reached level 9 of The Gnomish Mines. Score breakdown: Gold: 95 ( 6743 points) Experience: 9 levels (15756 points) Exploration: 12 levels ( 24.49%) (14361 points) Discoveries: 51 items ( 17.71%) (12624 points) Valuables value: (no points given unless you survive) Artifact value: 0 ( 0 points) Variety of kills: 117 monsters ( 30.79%) (16646 points) Turncount: 16445 turns (-3113 points) Survival: died (score multiplied by 80%) Total score: 50413 Latest messages: The leocrotta misses. You feel much better. The leocrotta hits! The leocrotta misses. The leocrotta hits! You hear some noises in the distance. The leocrotta misses. (2x) The leocrotta hits! Use the 'moveonly' command to move into a remembered wall. The leocrotta hits! The leocrotta misses. The leocrotta hits! For some reason, the Mordor orc's presence is known to you. You feel aggravated at the Mordor orc. You feel much better. The leocrotta hits! The leocrotta bites! The leocrotta hits! (2x) The leocrotta bites! The leocrotta hits! You die... Final status: Goodbye Wibi the Wizard, killed by a leocrotta... You died in The Gnomish Mines on dungeon level 10 with 50413 points, and 95 pieces of gold, after 16445 moves. You were level 9 with a maximum of 87 hit points when you died.